 Dungeon Crawl Stone Soup version 0.16-a0-3308-g116f5c4 (webtiles) character file.

29 Kemay the Insei (level 3, -4/23 HPs)
             Began as an Octopode Transmuter on Dec 26, 2014.
             Slain by a gnoll
             ... wielding a +0 spear
              (7 damage)
             ... on level 3 of the Dungeon.
             The game lasted 00:03:25 (1226 turns).

Kemay the Insei (Octopode Transmuter)               Turns: 1226, Time: 00:03:25

Health: -4/23      AC:  1    Str:  9    XL:     3   Next: 16%
Magic:  5/6        EV: 12    Int: 16    God:
Gold:   66         SH:  0    Dex: 12    Spells: 1 memorised, 5 levels left

rFire  . . .     SeeInvis .       - Unarmed
rCold  . . .     Clarity  .     (no shield)
rNeg   . . .     SustAb   .     (helmet restricted)
rPois  .         Gourm    .     (no amulet)
rElec  .         Spirit   .     (no ring)
rCorr  .         Warding  .     (no ring)
rMut   .         Stasis   .     (no ring)
MR     .....                    (no ring)
Stlth  ++........               (no ring)
                                (no ring)
                                (no ring)
                                (no ring)

@: appendage, not resistant to hostile enchantments, unstealthy
A: almost no armour, amphibious, 8 rings, constrict 8, tentacle spike 3,
camouflage 1, gelatinous body 1
a: End Transformation


You were on level 3 of the Dungeon.
You were not hungry.
One of your tentacles had a temporary spike.
You visited 1 branch of the dungeon, and saw 4 of its levels.

You collected 66 gold pieces.

Inventory:

Scrolls
 e - 2 scrolls of blinking
Potions
 b - a potion of might
 g - a potion of lignification
 h - a potion of poison {unknown}
 i - a potion of restore abilities {unknown}
Books
 d - a book of Changes

   Spells                             Type                      Level
   a - Beastly Appendage              Transmutation                1
   b - Sticks to Snakes               Transmutation                2
   c - Spider Form                    Transmutation/Poison         3
   d - Ice Form                       Ice/Transmutation            4
   e - Blade Hands                    Transmutation                5
Comestibles
 a - a bread ration
 c - 2 chunks of flesh
 f - 3 meat rations


   Skills:
 - Level 1.0 Fighting
 + Level 2.6 Dodging
 + Level 3.7 Unarmed Combat
 * Level 2.0 Spellcasting
 - Level 2.0 Transmutations


You had 5 spell levels left.
You knew the following spells:

 Your Spells              Type           Power        Failure   Level  Hunger
a - Beastly Appendage     Trmt           #.....       10%         1    #......


Dungeon Overview and Level Annotations

Branches:
Dungeon (4/15)
 Temple: D:4-7

Altars:
Vehumet

Annotations:
D:3 Grinder


Innate Abilities, Weirdness & Mutations

You cannot wear most types of armour.
You are amphibious.
You can wear up to eight rings at the same time.
You can use your tentacles to constrict many enemies at once.
Your skin changes colour to match your surroundings (Stealth).
Your rubbery body absorbs attacks (AC +1).
One of your tentacles bears a large vicious spike.


Message History

You constrict the kobold, but do no damage.
You tentacle-slap the kobold.
You kill the kobold!
The hobgoblin misses you.
You closely miss the hobgoblin. Your grab misses the hobgoblin.
You pierce the hobgoblin, but do no damage.
The gnoll hits you from afar with a spear.
Grinder drinks a potion.
Grinder suddenly seems more agile.
The hobgoblin hits you with a club.
* * * LOW HITPOINT WARNING * * *
You are too injured to fight recklessly!
You are too injured to fight recklessly!
Unknown command.
The gnoll barely misses you.
The gnoll appears out of thin air!
A gnoll comes into view. It is wielding a flail.
The hobgoblin hits you but does no damage.
You see here 12 gold pieces.
You closely miss the gnoll. Your grab misses the gnoll.
Your tentacle spike misses the gnoll.
The gnoll hits you with a spear!
You die...

. .. .# #.
#.# ##
#.##.#..
####..#(#.
#....)#..
##.......#
........g.#
.......)@.#
.....5.g..#
........#>#
.....g.###
.......
##.....
#.....
..... ####


You could see Grinder, 2 gnolls and a hobgoblin.

Vanquished Creatures
  An adder (D:2)
  5 bats
  A giant cockroach (D:2)
  A hobgoblin (D:4)
  3 kobolds
  A giant gecko (D:1)
  A giant newt (D:4)
  4 goblins
  A rat (D:1)
18 creatures vanquished.

Notes
Turn   | Place    | Note
--------------------------------------------------------------
     0 | D:1      | Kemay, the Octopode Transmuter, began the quest for the Orb.
     0 | D:1      | Reached XP level 1. HP: 13/13 MP: 3/3
   505 | D:1      | Reached XP level 2. HP: 18/18 MP: 2/4
   975 | D:2      | Found a radiant altar of Vehumet.
  1127 | D:2      | Reached XP level 3. HP: 20/23 MP: 3/6
  1173 | D:2      | You fall through a shaft for 2 floors!
  1221 | D:3      | Noticed Grinder
  1226 | D:3      | Slain by a gnoll

Action                   || total
-------------------------++-------
Melee: Unarmed           ||    51
 Cast: Beastly Appendage ||     5
 Abil: End Transformatio ||     1
  Use: Scroll            ||     3
 Stab: Sleeping          ||     2
  Eat: Chunk             ||     1
